 Dungeon Crawl Stone Soup version 0.18-a0-1123-gbd92598 (webtiles) character file.

64 MrRokkomies the Sneak (level 3, 0/14 HPs)
             Began as a Felid Enchanter on Jan 19, 2016.
             Slain by an orc priest
             ... wielding a +0 hand axe
              (4 damage)
             ... on level 3 of the Dungeon.
             The game lasted 00:04:45 (1626 turns).

MrRokkomies the Sneak (Felid Enchanter)             Turns: 1626, Time: 00:04:45

Health: 0/14       AC:  1    Str:  4    XL:     3   Next: 91%
Magic:  5/7        EV: 18    Int: 17    God:
Gold:   137        SH:  0    Dex: 16    Spells: 2 memorised, 3 levels left
                                        Lives:  0   Deaths: 0

rFire  . . .     SeeInvis +       - Unarmed
rCold  . . .     Gourm    .     (armour unavailable)
rNeg   . . .     Faith    .     (shield unavailable)
rPois  .         Spirit   .     (helmet unavailable)
rElec  .         Dismiss  .     (cloak unavailable)
rCorr  .         Reflect  .     (gloves unavailable)
SustAt .         Harm     .     (boots unavailable)
MR     .....                    (no amulet)
Stlth  ++++......               (no ring)
                                (no ring)

@: quick, not resistant to hostile enchantments, stealthy
A: no armour, no weapons or thrown items, claws 1, fangs 3, see invisible,
carnivore 3, speed 1, shaggy fur 1, slow metabolism 1, sharp paws
a: no special abilities


You were on level 3 of the Dungeon.
You were not hungry.

You visited 1 branch of the dungeon, and saw 3 of its levels.

You collected 137 gold pieces.

Inventory:

Wands
 k - a wand of slowing (25/48)
Scrolls
 c - a scroll of enchant armour {unknown}
 d - 2 scrolls of teleportation {unknown}
 e - a scroll of remove curse
 f - a scroll of identify
 j - 2 scrolls of enchant weapon {unknown}
Potions
 g - a potion of flight {unknown}
 h - 4 potions of heal wounds
 l - a potion of curing {unknown}
Books
 a - a book of Maledictions

   Spells                             Type                      Level
   a - Corona                         Hexes                        1
   b - Ensorcelled Hibernation        Hexes/Ice                    2
   c - Confuse                        Hexes                        3
   d - Tukima's Dance                 Hexes                        3
   e - Dazzling Spray                 Conjuration/Hexes            3
Comestibles
 b - 2 meat rations
 i - a beef jerky


   Skills:
 - Level 2.6 Dodging
 - Level 5.1 Stealth
 * Level 2.5 Unarmed Combat
 - Level 2.0 Spellcasting
 - Level 5.1 Hexes
 * Level 0.1 Ice Magic


You had 3 spell levels left.
You knew the following spells:

 Your Spells              Type           Power        Failure   Level  Hunger
a - Corona                Hex            ###....      2%          1    #......
b - Ensorcelled Hibernat  Hex/Ice        ##....       12%         2    ###....


Dungeon Overview and Level Annotations

Branches:
Dungeon (3/15)

Altars:
Vehumet


Innate Abilities, Weirdness & Mutations

You cannot wear armour.
You are incapable of wielding weapons or throwing items.
You have sharp claws.
You have razor-sharp teeth.
You have supernaturally acute eyesight.
You are carnivorous and can eat meat at any time.
You cover ground quickly.
You are covered in fur (AC +1).
You have a slow metabolism.
Your sharp claws are effective at attacking unaware monsters.


Message History

A goblin comes into view.
The orc priest looks braver for a moment.
The orc shouts!
The orc priest hits you with a hand axe!
Ouch! That really hurt!
Casting: Ensorcelled Hibernation
Confirm with . or Enter, or press ? or * to list all spells.
Aiming: Ensorcelled Hibernation
Press: ? - help, Shift-Dir - straight line, f - orc priest
Aim: an orc priest, wielding a hand axe (chance to defeat MR: 41%)
The orc priest looks drowsy...
The orc shouts!
The goblin hits you.
* * * LOW HITPOINT WARNING * * *
You pounce on the unaware helpless orc priest!
You claw the orc priest!
The orc priest is almost dead.
The goblin completely misses you.
The orc priest hits you with a hand axe.
You die...

#. ##. ... oo
#.. ##o# ##..≈
#..#
....≈≈#o.###...
..≈≈≈#@g....#
≈≈.#.##...#
#.#.# .# #...#
#...# #...#
#...# #...#
#...#


You could see an orc priest, 3 orcs and a goblin.

Vanquished Creatures
  An adder (D:2)
  An ooze (D:2)
  3 worms (D:2)
  An orc (D:3)
  3 giant cockroaches
  8 goblins
  6 hobgoblins
  4 kobolds
  3 bats
  A giant newt (D:3)
  10 rats
41 creatures vanquished.

Notes
Turn   | Place    | Note
--------------------------------------------------------------
     0 | D:1      | MrRokkomies the Felid Enchanter began the quest for the Orb.
     0 | D:1      | Reached XP level 1. HP: 7/7 MP: 4/4
   168 | D:1      | Reached XP level 2. HP: 4/11 MP: 6/6
   374 | D:1      | Learned a level 2 spell: Ensorcelled Hibernation
   771 | D:2      | Reached skill level 5 in Stealth
   973 | D:2      | Reached XP level 3. HP: 14/14 MP: 7/7
  1345 | D:2      | Reached skill level 5 in Hexes
  1490 | D:2      | Found a radiant altar of Vehumet.
  1626 | D:3      | Slain by an orc priest

Vault maps used:
D:1:      mushboom_english_gardens
D:2:      lemuel_upstairs_altar, marbit_many_paths, first_bread
D:3:      kennysheep_goblin_castle, glass_columns_a, minmay_ruptured

Action                   || total
-------------------------++-------
Melee: Unarmed           ||    99
 Cast: Ensorcelled Hiber ||     6
  Use: Scroll            ||     5
 Stab: Sleeping          ||    21
  Eat: Chunk             ||     1
